 Dungeon Crawl Stone Soup version 0.26.1-10-gdfb7c7de75 (webtiles) character file.

Game seed: 15123178971802656091

2278 Almogavar the Slasher (level 9, -6/75 HPs)
             Began as a Yellow Draconian Fighter on Apr 11, 2021.
             Was a Believer of Okawaru.
             Killed by divine providence
             ... invoked by an orc priest
              (12 damage)
             ... on level 6 of the Dungeon.
             The game lasted 00:20:32 (6676 turns).

Almogavar the Slasher (Yellow Draconian Fighter)    Turns: 6676, Time: 00:20:33

Health: -6/75      AC: 10    Str: 21    XL:     9   Next: 16%
Magic:  9/9        EV: 13    Int: 15    God:    Okawaru [**....]
Gold:   471        SH: 11    Dex: 17    Spells: 8/8 levels left

rFire    . . .     SeeInvis .   a - +0 long sword
rCold    . . .     Faith    .   b - +0 kite shield
rNeg     . . .     Spirit   .   (armour unavailable)
rPois    .         Reflect  .   q - +2 hat
rElec    .         Harm     .   f - +0 cloak
rCorr    +         Rampage  .   (no gloves)
Will     .....                  (no boots)
Stlth    +++.......             (no amulet)
HPRegen  0.22/turn              r - +6 ring of dexterity
MPRegen  0.11/turn              v - +6 ring of intelligence

@: short of breath
A: spit acid, unfitting armour, cold-blooded, acid resistance, AC +7
a: Breathe Acid, Renounce Religion, Heroism


You were on level 6 of the Dungeon.
You worshipped Okawaru.
Okawaru was pleased with you.
You visited 1 branch of the dungeon, and saw 6 of its levels.

You collected 471 gold pieces.

Inventory:

Hand Weapons
 a - a +0 long sword (weapon)
 k - a +2 dire flail of freezing
Missiles
 e - 2 silver boomerangs
 l - a boomerang (quivered)
Armour
 b - a +0 kite shield (worn)
 f - a +0 cloak (worn)
 q - a +2 hat (worn)
Jewellery
 r - a +6 ring of dexterity (left hand)
 v - a +6 ring of intelligence (right hand)
Wands
 m - a wand of paralysis (9)
 s - a wand of disintegration (10)
 w - a wand of digging (6)
Scrolls
 d - 3 scrolls of amnesia
 h - a scroll of blinking
 i - a scroll of magic mapping
 j - 2 scrolls of fear
Potions
 c - a potion of might
 g - 2 potions of resistance
 n - a potion of heal wounds
 p - a potion of degeneration {unknown}
 t - a potion of cancellation {unknown}
 x - a potion of berserk rage {unknown}


   Skills:
 + Level 6.0 Fighting
 + Level 7.8 Long Blades
 + Level 2.7 Throwing
 + Level 5.1 Dodging
 + Level 3.4 Stealth
 + Level 5.6 Shields


You had 8 spell levels left.
You didn't know any spells.
Your spell library was empty.

Dungeon Overview and Level Annotations

Branches:
Dungeon (6/15)             Temple (0/1) D:5

Altars:
Kikubaaqudgha
Makhleb
Okawaru
Uskayaw

Shops:
D:5 (


Innate Abilities, Weirdness & Mutations

You can spit globs of acid.
Your golden yellow scales are hard. (AC +7)
You cannot fit into any form of body armour.
You are cold-blooded and may be slowed by cold attacks.
You are resistant to acid. (rCorr)


Message History

You tail-slap the orc priest, but do no damage.
The orc priest is heavily wounded.
The orc priest barely misses you.
You riposte.
You hit the orc priest.
The orc priest is severely wounded.
You barely miss the orc priest.
The orc priest is severely wounded.
The orc priest begins to cast a cantrip, but forgets the words!
The orc priest invokes the aid of Beogh against you.
Pain shoots through your body!
* * * LOW HITPOINT WARNING * * *
You feel better. The orc priest closely misses you.
You riposte.
You hit the orc priest but do no damage.
Your tail-slap misses the orc priest.
The orc priest is severely wounded.
You hit the orc priest but do no damage.
You tail-slap the orc priest.
The orc priest is almost dead.
The orc priest invokes the aid of Beogh against you.
Beogh smites you!
You die...

#.# ##.## # #...###
##### ##...#.### ##
##..# #........####.##
....###..#......o#...##.
.....#...#.).....o.#....
........#†.....##o......
.......###.#...)@#
.......###.#.....#
........#........#
....†.............>
...................#
#..................#
#.........##.......(.
#.......#..##........
........##..


You could see an orc priest and an orc.

Vanquished Creatures
  Eustachio (D:6)
  An orc warrior (D:6)
  3 phantoms
  3 ogres
  4 centaurs
  4 bullfrogs
  2 scorpions
  5 wights
  A bullfrog zombie (D:6)
  2 hounds
  4 orc priests
  3 orc wizards
  3 iguanas
  4 worker ants
  A worker ant zombie (D:5)
  A howler monkey skeleton (D:6)
  5 adders
  A shadow imp (D:4)
  2 white imps (D:5)
  An adder skeleton (D:6)
  5 worms
  5 dart slugs
  3 leopard geckos
  15 orcs
  2 ball pythons
  4 giant cockroaches
  4 goblins
  8 hobgoblins
  5 jackals
  A kobold (D:2)
  A quokka (D:3)
  8 bats
  7 frilled lizards
  2 leopard gecko skeletons
  2 quokka skeletons
  8 rats
131 creatures vanquished.

Notes
Turn   | Place    | Note
-------+----------+-------------------------------------------
     0 | D:1      | Almogavar the Draconian Fighter began the quest for the
                  | Orb.
     0 | D:1      | Reached XP level 1. HP: 19/19 MP: 1/1
   127 | D:1      | Reached XP level 2. HP: 26/26 MP: 2/2
   657 | D:1      | Reached XP level 3. HP: 32/33 MP: 3/3
  1214 | D:2      | Reached XP level 4. HP: 27/40 MP: 4/4
  1679 | D:3      | Reached skill level 1 in Stealth
  2140 | D:3      | Reached skill level 3 in Long Blades
  2506 | D:3      | Found a burning altar of Makhleb.
  2512 | D:3      | Reached XP level 5. HP: 46/46 MP: 5/5
  2726 | D:3      | Found a hide-covered altar of Uskayaw.
  2726 | D:3      | Found an ancient bone altar of Kikubaaqudgha.
  2922 | D:4      | Noticed a phantom
  3452 | D:4      | Killed a phantom
  3453 | D:4      | Reached skill level 4 in Long Blades
  3453 | D:4      | Reached XP level 6. HP: 32/52 MP: 6/6
  3589 | D:4      | Found an iron altar of Okawaru.
  3616 | D:4      | Became a worshipper of Warmaster Okawaru
  4338 | D:5      | Entered Level 5 of the Dungeon
  4506 | D:5      | Your scales start taking on a golden yellow colour.
  4506 | D:5      | Reached XP level 7. HP: 56/60 MP: 7/7
  4506 | D:5      | Gained mutation: You are resistant to acid. (rCorr) [Yellow
                  | Draconian growth]
  4525 | D:5      | Found a staircase to the Ecumenical Temple.
  4576 | D:5      | Reached skill level 5 in Long Blades
  4583 | D:5      | Found Asac's Antique Weapon Boutique.
  4690 | D:4      | Reached skill level 5 in Fighting
  4691 | D:4      | Reached * piety under Okawaru
  5385 | D:5      | Reached skill level 6 in Long Blades
  5385 | D:5      | Reached skill level 1 in Throwing
  5385 | D:5      | Reached XP level 8. HP: 59/68 MP: 8/8
  6077 | D:6      | Reached ** piety under Okawaru
  6082 | D:6      | Reached skill level 7 in Long Blades
  6101 | D:6      | Reached skill level 5 in Shields
  6616 | D:6      | Reached skill level 5 in Dodging
  6624 | D:6      | Noticed Eustachio
  6630 | D:6      | Killed Eustachio
  6631 | D:6      | Reached XP level 9. HP: 75/75 MP: 9/9
  6674 | D:6      | HP: 1/75 [orc priest/nerve-wracking pain (11)]
  6676 | D:6      | Killed from afar by an orc priest

Illustrated notes

Levels and vault maps discovered:
D:1:      erik_arrival_cave_to_civilisation [erik_arrival_cave_to_temple],
          layout_basic
D:2:      layout_basic
D:3:      layout_loops_ring, gammafunk_temple_overflow_pools,
          makhleb_blood_cavern_becter, minmay_misc_feat_secret_circle
D:4:      layout_basic, okawaru_trees_1
D:5:      layout_loops_ring, minmay_temple_entry_drinking_statues, serial_shops,
          shop_statue, hangedman_minor_gate_pass
D:6:      layout_cave_pools, patterned_corridor, uniq_eustachio

Skill      XL: |  1  2  3  4  5  6  7  8  9 |
---------------+----------------------------+-----
Dodging        | 3 4 5 |  5.1
Stealth        | 1 2 3 |  3.4
Fighting       | 4 5 6 |  6.0
Long Blades    | 3 4 6 7 |  7.8
Shields        | 4 5 |  5.6
Throwing       | 1 2 |  2.7

Action                   |  1- 3 |  4- 6 |  7- 9 || total
-------------------------+-------+-------+-------++-------
Melee: Long sword        |    89 |   186 |   185 ||   460
       Tailslap          |    14 |    29 |    49 ||    92
Throw: Boomerang         |       |     5 |    32 ||    37
 Abil: Breathe Acid      |       |       |    16 ||    16
  Use: Scroll            |       |     8 |     4 ||    12
       Potion            |       |       |     2 ||     2
 Stab: Sleeping          |     1 |     5 |     3 ||     9
Armor: Skin              |    30 |    57 |    48 ||   135
Dodge: Dodged            |    44 |    67 |   125 ||   236
Block: Kite shield       |    39 |    72 |   113 ||   224
       Rpst.: Long sword |    14 |    23 |    45 ||    82
